 Dungeon Crawl Stone Soup version 0.25.0-15-gac7dcb8919 (webtiles) character file.

Game seed: 16735139959109979271

10460 Esekla the Carver (level 11, -14/78 HPs)
             Began as a Barachi Necromancer on June 28, 2020.
             Was a High Priest of Vehumet.
             Demolished by a shadow (27 damage)
             ... on level 11 of the Dungeon.
             The game lasted 02:02:05 (13999 turns).

Esekla the Carver (Barachi Necromancer)            Turns: 13999, Time: 02:02:06

Health: -14/78     AC:  8    Str:  9    XL:     11   Next: 62%
Magic:  2/32       EV: 14    Int: 23    God:    Vehumet [*****.]
Gold:   712        SH:  5    Dex: 12    Spells: 1/27 levels left

rFire    . . .     SeeInvis .   a - +2 long sword "Dongat" {freeze, MR+ Int+3}
rCold    . . .     Gourm    .   o - +0 buckler
rNeg     . . .     Faith    .   u - +3 leather armour
rPois    +         Spirit   .   (no helmet)
rElec    .         Reflect  .   F - scarf {repulsion}
rCorr    .         Harm     .   G - +0 pair of gloves
MR       +....                  (no boots)
Stlth    ++........             m - amulet of magic regeneration
HPRegen  0.23/turn              C - ring of poison resistance
MPRegen  0.48/turn              e - ring of magical power

@: very slightly contaminated, repel missiles, slow
A: +LOS, swims, slowness 1, strong legs 1
a: Hop, Renounce Religion


You were on level 11 of the Dungeon.
You worshipped Vehumet.
Vehumet was extremely pleased with you.
You were near starving.

You visited 2 branches of the dungeon, and saw 12 of its levels.

You collected 712 gold pieces.

Inventory:

Hand Weapons
 a - the +2 long sword "Dongat" (weapon) {freeze, MR+ Int+3}
   (You found it on level 8 of the Dungeon)

   It has been specially enchanted to freeze those struck by it, causing extra
   injury to most foes and up to half again as much damage against particularly
   susceptible opponents.
   It can also slow down cold-blooded creatures.
   It affects your intelligence (+3).
   It affects your resistance to hostile enchantments.
 f - a +1 falchion of flaming
 s - a +0 short sword
 E - a cursed +6 spear of freezing
Missiles
 h - 4 javelins
 r - 36 poisoned darts
 K - a boomerang (quivered)
 L - 5 boomerangs of dispersal
Armour
 o - a +0 buckler (worn)
 t - the +1 robe of Fedhas's Supremacy {Str+9 Stlth-, unknown}
   (You found it on level 8 of the Dungeon)

   It affects your strength (+9).
   It makes you less stealthy.
 u - a +3 leather armour (worn)
 v - a scarf of resistance
 F - a scarf of repulsion (worn)
 G - a +0 pair of gloves (worn)
 M - a +0 troll leather armour
Jewellery
 e - a ring of magical power (right hand)
 m - an amulet of magic regeneration (around neck)
 z - a +6 ring of intelligence
 B - an uncursed ring of ice
 C - a ring of poison resistance (left hand)
Wands
 P - a wand of random effects (22)
Scrolls
 d - a scroll of blinking
 g - 4 scrolls of remove curse
 i - 2 scrolls of amnesia
 k - a scroll of magic mapping
 n - a scroll of enchant weapon {unknown}
 p - 2 scrolls of teleportation
 y - 2 scrolls of enchant armour
 A - 2 scrolls of random uselessness {unknown}
 D - 2 scrolls of noise {unknown}
 H - a scroll of fog
 O - a scroll of identify
Potions
 b - 3 potions of flight
 j - 3 potions of curing
 l - a potion of resistance
 q - 2 potions of brilliance
 w - a potion of cancellation
 I - 2 potions of haste
Comestibles
 c - 12 rations


   Skills:
 + Level 4.8 Fighting
 + Level 0.3(5.2) Short Blades
 * Level 9.3 Long Blades
 + Level 5.9 Armour
 + Level 5.9 Dodging
 - Level 1.7 Stealth
 + Level 5.6 Shields
 * Level 8.9 Spellcasting
 + Level 3.4 Conjurations
 * Level 5.1 Summonings
 + Level 5.9 Necromancy
 * Level 1.3 Transmutations
 * Level 4.3 Fire Magic
 * Level 3.9 Air Magic
 * Level 1.2 Poison Magic


You had one spell level left.
You knew the following spells:

 Your Spells              Type           Power        Failure   Level  Hunger
a - Magic Dart            Conj           ####         1%          1    None
b - Lightning Bolt        Conj/Air       ####......   13%         5    ####...
c - Mephitic Cloud        Conj/Pois/Air  ###.....     2%          3    None
d - Vampiric Draining     Necr           #####.....   2%          3    None
e - Shock                 Conj/Air       ####         1%          1    None
l - Summon Lightning Spi  Summ/Air       ####....     13%         4    ##.....
n - Ignite Poison         Fire/Tmut/Pois ###.....     2%          3    None
v - Poisonous Vapours     Pois/Air       ###...       4%          2    None
y - Sticky Flame          Conj/Fire      ####....     4%          4    ##.....

Your spell library contained the following spells:

 Spells                   Type           Power        Failure   Level  Hunger
 Animate Skeleton         Necr           N/A          1%          1    None
 Pain                     Necr           ####         1%          1    None
 Summon Small Mammal      Summ           ####         1%          1    None
 Sting                    Tmut/Pois      ###.         4%          1    None
 Call Imp                 Summ           ####....     1%          2    None
 Call Canine Familiar     Summ           ####....     3%          3    None
 Animate Dead             Necr           N/A          8%          4    ##.....
 Summon Guardian Golem    Hex/Summ       ###.....     9%          3    None
 Olgreb's Toxic Radiance  Pois           ###.....     13%         4    ##.....
 Agony                    Necr           #####...     21%         5    ####...
 Bolt of Magma            Conj/Fire/Erth ###.......   21%         5    ####...
 Summon Ice Beast         Ice/Summ       ###.....     28%         4    ##.....
 Iskenderun's Battlesphe  Conj/Chrm      ###.....     28%         5    ####...
 Iron Shot                Conj/Erth      ###.......   80%         6    ######.
 Spellforged Servitor     Conj/Summ      ####......   94%         7    #######
 Orb of Destruction       Conj           ####......   98%         7    #######


Dungeon Overview and Level Annotations

Branches:
Dungeon (11/15)            Temple (1/1) D:4             Orc (0/2) D:9
   Lair: D:8-11

Altars:
Ashenzari
Cheibriados
Dithmenos
Elyvilon
Fedhas
Gozag
Hepliaklqana
Kikubaaqudgha
Makhleb
Nemelex Xobeh
Okawaru
Qazlal
Ru
Sif Muna
Trog
Uskayaw
Vehumet
Wu Jian
Xom
Yredelemnul
Zin
The Shining One

Annotations:
D:3 2 transporters, MisterFreud's ghost, amateur MiHu
D:9 3 runed translucent doors, Esekla's ghost, novice OpNe


Innate Abilities, Weirdness & Mutations

You can be seen from farther away. (+LOS)
You can swim through water.
You cover ground slowly.
You can hop short distances.


Message History

The shadow is lightly damaged.
The stinking cloud engulfs the yak but does no damage.
The stinking cloud engulfs you but does no damage.
The yak is engulfed in noxious fumes.
The yak appears confused.
The yak barely misses the yak.
The yak gores itself!
The shadow hits you.
* * * LOW HITPOINT WARNING * * *
The yak is engulfed in noxious fumes.
Casting: Mephitic Cloud (mildly dangerous; 2% risk of failure)
Confirm with . or Enter, or press ? or * to list all spells.
You ignite the poison in your surroundings!
The shadow is engulfed in blazing flames.
The shadow slips into darkness.
The shadow flickers and vanishes!
Deactivating autopickup; reactivate with Ctrl-A.
The yak is engulfed in blazing flames.
The yak gores something.
Really walk into that cloud of flame?
Okay, then.
You closely miss something.
The shadow strikes at you from the darkness!
You die...

.........# .....?...#
.........# ##############
.........# #............#
.........# #.#######.####
.......o.# #......(#.#
.........############.#.#
........)YYY☼Y{.# #.#<#
.........######@# #.###
.......... #.# #.#
.........# ###.#####.#
.....$...# #.........#
.........# #.#.#######
.........# #.#.#
.........# # #.# ........
#.# #.#


You could see 4 yaks.

Vanquished Creatures
  2 two-headed ogres
  A gargoyle (D:10)
  3 trolls
  A hornet (D:10)
  A hippogriff (D:11)
  A vampire (D:10)
  A spriggan (D:7)
  2 wyverns (D:10)
  A wraith (D:8)
  5 yaks
  Grum (D:8)
  4 orc warriors
  An ice beast (D:8)
  A sky beast (D:11)
  3 phantoms
  A black bear (D:10)
  A crocodile (D:8)
  6 ogres
  2 wolves (D:8)
  A centaur (D:8)
  A nameless horror (D:9)
  2 big kobolds (D:8)
  3 bullfrogs
  A wyvern zombie (D:7)
  A scorpion (D:6)
  A wyvern skeleton (D:6)
  11 killer bees
  5 wights
  2 howler monkeys (D:7)
  2 crimson imps (D:8)
  A bullfrog zombie (D:9)
  3 centaur zombies
  3 quasits
  12 hounds
  A jelly (D:10)
  6 orc wizards
  3 bullfrog skeletons
  3 centaur skeletons
  8 orc priests
  Jessica (D:2)
  Natasha (thrice) (D:2)
  4 iguanas
  6 worker ants
  A killer bee zombie (D:5)
  2 hound skeletons
  3 worker ant zombies (D:7)
  8 adders
  4 gnolls (D:3)
  2 shadow imps
  An adder zombie (D:7)
  A worm (D:3)
  4 dart slugs
  6 leopard geckos
  57 orcs
  13 giant cockroaches
  5 goblins
  7 hobgoblins
  17 jackals
  4 quokkas
  2 ball pythons
  3 bats
  4 frilled lizards
  16 kobolds
  2 rats
284 creatures vanquished.

Vanquished Creatures (collateral kills)
  7 wraiths
  A bullfrog (D:9)
  A quasit (D:8)
  A hound (D:9)
  An orc wizard (D:8)
  A worker ant zombie (D:10)
  3 orcs (D:9)
  A jackal (D:9)
16 creatures vanquished.

Grand Total: 300 creatures vanquished

Notes
Turn   | Place    | Note
-------+----------+-------------------------------------------
     0 | D:1      | Esekla the Barachi Necromancer began the quest for the Orb.
     0 | D:1      | Reached XP level 1. HP: 13/13 MP: 3/3
   413 | D:1      | Reached XP level 2. HP: 20/20 MP: 5/5
  1386 | D:2      | Reached XP level 3. HP: 21/25 MP: 6/6
  1406 | D:2      | Noticed Jessica
  1626 | D:2      | Killed Jessica
  1648 | D:2      | Noticed Natasha
  1790 | D:1      | Learned a level 3 spell: Vampiric Draining
  2043 | D:3      | Found a transporter.
  2070 | D:3      | Reached XP level 4. HP: 28/31 MP: 8/8
  2155 | D:3      | Reached skill level 1 in Fighting
  2753 | D:3      | Identified the +1 dire flail of Diet Blood {vorpal, rF-
                  | Int+4 Dex+2 SInv}
  2753 | D:3      | Noticed an ogre
  2753 | D:3      | Noticed MisterFreud's ghost (amateur MiHu)
  2753 | D:3      | Noticed an ogre
  2754 | D:3      | Found a transporter.
  2760 | D:3      | Noticed an ogre
  2780 | D:3      | Reached XP level 5. HP: 26/37 MP: 10/10
  3150 | D:4      | Noticed a phantom
  3174 | D:4      | Reached skill level 1 in Shields
  3431 | D:4      | Found a staircase to the Ecumenical Temple.
  3461 | D:4      | Reached skill level 1 in Long Blades
  3461 | D:4      | Reached XP level 6. HP: 36/44 MP: 12/12
  3479 | Temple   | Entered the Ecumenical Temple
  3529 | Temple   | Became a worshipper of Vehumet
  4057 | D:2      | Killed Natasha
  4425 | D:1      | Reached skill level 2 in Long Blades
  4529 | D:1      | Found a shimmering altar of Xom.
  4531 | D:1      | Found a hazy altar of Hepliaklqana.
  4531 | D:1      | Found a shimmering altar of Xom.
  4545 | D:1      | Found a sacrificial altar of Ru.
  4545 | D:1      | Found a hazy altar of Hepliaklqana.
  4545 | D:1      | Found a snail-covered altar of Cheibriados.
  4767 | D:2      | Noticed Natasha
  4771 | D:2      | Killed Natasha
  4771 | D:2      | Reached skill level 1 in Armour
  4814 | D:2      | Noticed Natasha
  4825 | D:2      | Killed Natasha
  5047 | D:5      | Entered Level 5 of the Dungeon
  5515 | D:6      | Reached XP level 7. HP: 42/51 MP: 13/13
  5766 | D:6      | Reached skill level 3 in Long Blades
  6014 | D:5      | Reached * piety under Vehumet
  6014 | D:5      | Offered knowledge of Magic Dart by Vehumet.
  6018 | D:5      | Learned a level 1 spell: Magic Dart
  7013 | D:4      | Reached skill level 4 in Long Blades
  7013 | D:4      | Reached skill level 5 in Spellcasting
  7013 | D:4      | Reached skill level 1 in Conjurations
  7013 | D:4      | Reached XP level 8. HP: 52/58 MP: 15/15
  7306 | D:6      | You fall into a shaft and drop 2 floors!
  7354 | D:8      | Noticed a troll
  7371 | D:8      | Killed a troll
  7381 | D:8      | Reached skill level 5 in Long Blades
  7392 | D:8      | Reached skill level 5 in Necromancy
  7621 | D:8      | Reached XP level 9. HP: 52/65 MP: 15/17
  7672 | D:8      | Offered knowledge of Shock by Vehumet.
  7675 | D:8      | Learned a level 1 spell: Shock
  7681 | D:8      | Noticed Grum
  7695 | D:8      | Killed Grum
  7697 | D:8      | Reached ** piety under Vehumet
  7708 | D:8      | Learned a level 4 spell: Summon Lightning Spire
  7776 | D:8      | Got an ichor-stained long sword
  7829 | D:8      | Identified the +2 long sword "Dongat" {freeze, MR+ Int+3}
                  | (You found it on level 8 of the Dungeon)
  7979 | D:7      | Found a blossoming altar of Fedhas.
  8068 | D:7      | Reached skill level 5 in Dodging
  8080 | D:7      | Reached skill level 6 in Long Blades
  8325 | D:7      | Found an ornate altar of the Wu Jian Council.
  8427 | D:7      | Reached skill level 1 in Summonings
  8586 | D:7      | Offered knowledge of Inner Flame by Vehumet.
  8708 | D:7      | Reached skill level 1 in Air Magic
  8834 | D:6      | Reached skill level 7 in Long Blades
  8980 | D:6      | Reached XP level 10. HP: 69/72 MP: 20/20
  9691 | D:9      | Found a runed translucent gate.
  9691 | D:9      | Found a runed translucent gate.
  9691 | D:9      | Noticed Esekla's ghost (novice OpNe)
  9692 | D:9      | Found a runed translucent gate.
  9704 | D:8      | Reached *** piety under Vehumet
  9704 | D:8      | Reached skill level 5 in Shields
  9712 | D:8      | Reached skill level 5 in Armour
 10933 | D:8      | Offered knowledge of Sticky Flame by Vehumet.
 10940 | D:8      | Learned a level 4 spell: Sticky Flame
 11155 | D:8      | Got a tattered robe
 11267 | D:9      | Reached skill level 8 in Long Blades
 11294 | D:9      | Reached skill level 1 in Fire Magic
 11377 | D:9      | Found the +5 scythe "Finisher" {speed, eviscerate}
 11781 | D:9      | Reached **** piety under Vehumet
 11934 | D:9      | Found a staircase to the Orcish Mines.
 12105 | D:10     | Entered Level 10 of the Dungeon
 12114 | D:10     | Reached XP level 11. HP: 39/78 MP: 20/23
 12199 | D:10     | Noticed a two-headed ogre
 12200 | D:10     | Offered knowledge of Lightning Bolt by Vehumet.
 12475 | D:9      | Reached skill level 9 in Long Blades
 12618 | D:9      | Killed a two-headed ogre
 13069 | D:10     | Learned a level 2 spell: Poisonous Vapours
 13073 | D:10     | Learned a level 3 spell: Mephitic Cloud
 13128 | D:9      | Learned a level 3 spell: Ignite Poison
 13846 | D:11     | Noticed a two-headed ogre
 13851 | D:11     | Killed a two-headed ogre
 13851 | D:11     | Reached skill level 5 in Summonings
 13851 | D:11     | Reached skill level 1 in Transmutations
 13851 | D:11     | Reached skill level 1 in Poison Magic
 13908 | D:10     | Learned a level 5 spell: Lightning Bolt
 13984 | D:11     | Reached ***** piety under Vehumet
 13999 | D:11     | Demolished by a shadow

Illustrated notes

Levels and vault maps discovered:
D:1:      dpeg_chamrin_arrival_tetris, layout_basic, doesnt_xom_only_xom
D:2:      layout_rooms, first_ration, uniq_natasha, uniq_jessica
D:3:      minmay_general_purpose_star, layout_rooms, gammafunk_ghost_smash
D:4:      layout_basic, minmay_temple_entry_offerings, gup_sewer_entry_pipe
D:5:      layout_basic
D:6:      layout_basic
D:7:      layout_loops_ring, nicolae_overflow_hidden_temple, basic_altar,
          minmay_misc_feat_square, the_bakery
D:8:      layout_basic, erik_lair_island, grunt_decor_fettered,
          chequers_serial_rivers_room_a, minmay_microvault, uniq_grum
D:9:      layout_cross, hiddenorc1_lemuel, ebering_ghost_rock_garden,
          minmay_guarded_unrand_finisher
D:10:     layout_rooms, st_stairs_14
D:11:     layout_basic
Temple:   kilobyte_greek_temple

Skill      XL: |  1  2  3  4  5  6  7  8  9 10 11 |
---------------+----------------------------------+-----
Necromancy     | 4 5 |  5.9
Spellcasting   | 3 4 5 7 8 |  8.9
Fighting       | 1 2 3 4 |  4.8
Shields        | 1 2 3 4 5 |  5.6
Long Blades    | 1 2 4 5 7 8 9 |  9.3
Dodging        | 3 4 5 |  5.9
Armour         | 1 2 3 4 5 |  5.9
Conjurations   | 1 2 3 |  3.4
Summonings     | 2 4 5 |  5.1
Air Magic      | 1 3 |  3.9
Fire Magic     | 2 4 |  4.3
Transmutations | 1 |  1.3
Poison Magic   | 1 |  1.2
Short Blades   | |  0.3
Stealth        | |  1.7

Action                   |  1- 3 |  4- 6 |  7- 9 | 10-12 || total
-------------------------+-------+-------+-------+-------++-------
Melee: Dagger            |    20 |       |       |       ||    20
       Unarmed           |     1 |       |       |       ||     1
       Short sword       |     8 |    12 |     2 |     1 ||    23
       Falchion          |       |   165 |   220 |   123 ||   508
       Long sword        |       |       |   123 |   167 ||   290
Throw: Dart              |       |    12 |    34 |    21 ||    67
       Boomerang         |       |       |       |     8 ||     8
 Cast: Pain              |    40 |    21 |       |       ||    61
       Vampiric Draining |     1 |    36 |    86 |    49 ||   172
       Magic Dart        |       |       |    27 |     3 ||    30
       Shock             |       |       |     4 |    11 ||    15
       Summon Lightning  |       |       |       |    12 ||    12
       Sticky Flame      |       |       |       |    22 ||    22
       Mephitic Cloud    |       |       |       |     7 ||     7
       Ignite Poison     |       |       |       |     7 ||     7
       Lightning Bolt    |       |       |       |     2 ||     2
 Abil: Hop               |       |     3 |     1 |     1 ||     5
  Use: Scroll            |       |    10 |       |     4 ||    14
       Potion            |       |       |       |     4 ||     4
 Stab: Sleeping          |     1 |     3 |     2 |     1 ||     7
       Distracted        |       |       |     1 |     3 ||     4
  Eat: Chunk             |     1 |    12 |    15 |    14 ||    42
       Ration            |     1 |     1 |       |     1 ||     3
Armor: Robe              |     8 |     2 |       |       ||    10
       Leather armour    |       |    55 |   114 |    97 ||   266
Dodge: Dodged            |    36 |   134 |   282 |   252 ||   704
       Repelled          |       |       |       |     4 ||     4
Block: Buckler           |       |    20 |   101 |    65 ||   186
       Rpst.: Falchion   |       |    35 |    51 |    22 ||   108
       Long sword        |       |       |    35 |    45 ||    80
